Map: Triton LE

Players

Serral - Winner!

  • Race: Zerg Zerg
  • Spawn Location: 5:00

TYTY (TY)

  • Race: Terran Terran
  • Spawn Location: 11:00

Event: IEM Katowice 2020

VOD

Have the link to the VOD?

Description

Time

  • Played on: Feb. 28, 2020, 2:18 p.m.
  • Length: 9:34

All games in this series

Show
View Real Time Build Order
Export as new Build Order

Serral Zerg - Winner!

Build Orders: Hatch First 

Get SALT Encoding   

  12  0:00  Drone  
  13  0:12  Overlord  
  13  0:17  Drone  
  14  0:31  Drone x2  
  16  0:47  Hatchery  
  15  0:51  Drone  
  15  0:55  Drone  
  17  0:58  Drone  
  18  1:08  Extractor  
  17  1:13  Spawning Pool  
  17  1:16  Drone  
  17  1:20  Drone  
  18  1:28  Drone  
  19  1:39  Drone  
  20  1:49  Overlord  
  20  1:59  Queen  
  20  2:00  Zergling x2, Queen  
  20  2:01  Zergling x2  
  26  2:10  Drone x2  
  28  2:17  Metabolic Boost  
  28  2:21  Drone x2  
  30  2:35  Drone x2, Queen  
  34  2:39  Queen  
  34  2:43  Overlord  
  36  2:48  Overlord  
  36  3:02  Drone x2  
  36  3:04  Drone x2  
  40  3:12  Drone x6  
  46  3:18  Lair  
  46  3:23  Extractor  
  46  3:27  Drone x2  
  46  3:30  Drone x2  
  49  3:38  Hatchery  
  49  3:41  Drone x2  
  49  3:44  Drone x2  
  49  3:48  Overlord  
  52  3:52  Extractor  
  52  3:53  Extractor, Drone x2  
  52  3:57  Baneling Nest  
  52  4:02  Drone  
  52  4:07  Drone x3  
  52  4:09  Overlord  
  55  4:18  Spire  
  55  4:21  Zergling x8  
  55  4:22  Zergling x2  
  59  4:24  Overlord  
  59  4:27  Overlord  
  59  4:29  Overseer  
  59  4:33  Queen  
  59  4:38  Zergling x4  
  63  4:46  Zergling x4  
  65  4:53  Drone x3  
  65  4:57  Drone x2  
  65  4:58  Overlord  
  70  5:01  Drone  
  70  5:05  Spore Crawler  
  70  5:07  Overlord  
  70  5:09  Drone x2  
  72  5:22  Drone  
  72  5:24  Overlord  
  72  5:25  Zergling x4  
  73  5:30  Mutalisk x6  
  73  5:32  Mutalisk  
  87  5:38  Mutalisk  
  88  5:46  Mutalisk  
  88  5:48  Drone x5  
  95  5:51  Drone x3  
  95  5:53  Extractor  
  95  5:55  Extractor  
  95  5:59  Mutalisk  
  95  6:02  Drone x2  
  95  6:03  Drone  
  95  6:04  Drone x2  
  98  6:12  Mutalisk  
  98  6:15  Drone x3  
  98  6:20  Drone x5  
  98  6:25  Drone  
  94  6:37  Mutalisk x3  
  94  6:39  Hatchery  
  96  6:40  Drone  
  96  6:41  Drone x2  
  96  6:44  Zerg Flyer Weapons Level 1  
  96  6:48  Zergling x2  
  96  6:49  Zergling x6  
  96  6:50  Drone  
  99  6:56  Zergling x2  
  99  7:00  Mutalisk x2  
  104  7:03  Zergling x2  
  105  7:11  Mutalisk x2  
  102  7:24  Mutalisk x2  
  102  7:26  Drone x4  
  102  7:27  Drone x3  
  108  7:30  Zergling x2  
  108  7:31  Queen  
  108  7:32  Queen  
  108  7:34  Overlord  
  108  7:35  Overlord x2  
  113  7:41  Overlord  
  113  7:45  Queen, Overlord  
  113  7:46  Roach Warren  
  113  7:50  Mutalisk  
  114  7:51  Zergling x2  
  114  7:52  Zergling x10  
  120  7:59  Mutalisk x4  
  120  8:03  Zergling x6  
  122  8:22  Mutalisk x4  
  125  8:38  Mutalisk x2  
  125  8:41  Drone x2  
  123  8:42  Drone  
  123  8:43  Drone  
  123  8:45  Drone x2  
  124  8:50  Extractor  
  124  8:51  Extractor, Drone x3  
  124  8:55  Evolution Chamber  
  121  8:56  Roach  
  121  8:57  Roach x5  
  121  9:00  Spore Crawler  
  121  9:01  Roach x2  
  136  9:11  Roach x5  
  144  9:23  Spore Crawler  
Show
View Real Time Build Order
Export as new Build Order

TYTY Terran 

Build Orders: Reaper Expand 

Get SALT Encoding   

  12  0:00  SCV  
  13  0:12  SCV  
  14  0:21  Supply Depot  
  14  0:24  SCV  
  15  0:42  SCV  
  16  0:44  Barracks  
  16  0:45  Refinery  
  16  0:54  SCV  
  17  1:06  SCV  
  18  1:18  SCV  
  19  1:31  Orbital Command, Reaper  
  20  1:41  Command Center  
  20  1:49  Supply Depot  
  20  1:57  SCV  
  21  2:03  Marine  
  21  2:07  Factory  
  22  2:09  SCV  
  23  2:21  Marine, SCV  
  25  2:34  SCV  
  26  2:44  Barracks Reactor  
  26  2:45  Command Center  
  26  2:47  SCV  
  27  2:54  Orbital Command  
  27  2:59  SCV  
  28  3:06  Starport  
  28  3:11  SCV  
  29  3:13  Refinery  
  29  3:22  SCV  
  29  3:23  SCV  
  29  3:25  Hellion  
  33  3:27  Hellion  
  35  3:34  SCV  
  35  3:35  SCV  
  37  3:47  Hellion, Fusion Core  
  39  3:48  Hellion  
  39  3:49  SCV x2  
  39  3:53  Starport Tech Lab  
  43  3:58  Refinery, Orbital Command  
  43  4:01  SCV x2  
  45  4:08  Hellion  
  49  4:10  Hellion  
  49  4:13  SCV x2  
  51  4:25  SCV x2  
  51  4:26  SCV  
  51  4:29  Supply Depot  
  58  4:37  SCV, Orbital Command  
  55  4:40  Battlecruiser  
  61  4:50  SCV x2  
  63  4:54  Refinery, Hellion x2  
  67  5:01  Supply Depot  
  67  5:02  SCV x2, Weapon Refit  
  67  5:03  Supply Depot  
  69  5:16  Armory  
  69  5:23  SCV x3, Hellion x2  
  69  5:26  Supply Depot  
  76  5:35  SCV x3  
  79  5:39  Factory  
  79  5:40  Factory  
  79  5:44  Hellion  
  79  5:47  SCV  
  79  5:48  Engineering Bay  
  79  5:49  SCV x2, Supply Depot  
  84  5:57  Hellion x7  
  84  5:59  SCV  
  89  6:04  Battlecruiser  
  89  6:05  SCV x2, Hellion  
  93  6:12  SCV  
  93  6:17  SCV x2  
  90  6:21  Missile Turret x2  
  90  6:22  Missile Turret  
  90  6:23  Hellion  
  90  6:24  SCV, Factory Tech Lab  
  90  6:25  Factory Tech Lab  
  91  6:27  Hellion  
  91  6:29  SCV  
  91  6:30  Hellion x2  
  81  6:33  SCV  
  81  6:36  SCV  
  80  6:44  Cyclone  
  80  6:45  Hellion  
  80  6:46  Cyclone  
  87  6:48  Hellion  
  87  6:51  Missile Turret  
  86  7:08  Battlecruiser  
  87  7:11  SCV x2  
  89  7:20  Hellion  
  75  7:31  Missile Turret  
  75  7:32  Cyclone  
  75  7:33  Cyclone  
  75  7:35  Widow Mine, Barracks Reactor  
  78  7:38  SCV x2  
  78  7:41  SCV  
  79  7:51  SCV x2  
  79  7:57  Widow Mine x2  
  83  8:01  SCV  
  83  8:03  SCV  
  83  8:04  Cyclone  
  83  8:05  Cyclone  
  71  8:16  Missile Turret  
  71  8:17  SCV  
  71  8:18  SCV x2  
  71  8:19  Hellion x2  
  75  8:24  Refinery x2  
  75  8:26  Missile Turret  
  74  8:29  SCV  
  74  8:30  SCV  
  81  8:36  Hellion  
  81  8:37  Hellion  
  78  8:43  SCV x2  
  78  8:46  SCV  
  77  8:48  Hellion x2  
  77  8:51  Missile Turret  
  71  8:56  Missile Turret  
  71  8:59  Cyclone x2  
  71  9:01  SCV, Missile Turret  
  83  9:03  SCV  
  83  9:04  SCV  
  74  9:14  SCV  

Tags
 
Add a new tag
Caveats
  • Supply blocks, unpowered buildings, or Contaminate may cause inaccurate times.
  • Supply counts are checked every 10 seconds.